[Event "ICC tourney 3217 (30 10)"]
[Site "Internet Chess Club"]
[Date "2023.06.17"]
[Round "1"]
[White "BAI, JEFFREY:Jeffchess"]
[Black "STINSON, RUSSELL:rcstinson"]
[Result "1-0"]
[ICCResult "Black resigns"]
[WhiteElo "1306"]
[BlackElo "1567"]
[Opening "Sicilian: closed"]
[ECO "B23"]
[NIC "SI.44"]
[Time "12:02:42"]
[PlyCount "75"]
[TimeControl "1800+10"]

1. e4 c5 2. Nc3 e6 3. Nf3 Nc6 4. Bb5 Nd4 5. Nxd4 cxd4 6. Ne2 a6 7. Bd3 e5 8.
f4 d6 9. fxe5 dxe5 10. O-O Nf6 11. Ng3 Bg4 12. Be2 Bxe2 13. Qxe2 Qb6 14. d3
O-O-O 15. b3 h5 16. Bg5 h4 17. Nf5 g6 18. Nxh4 Be7 19. Rf2 Rh5 20. Nf3 Rdh8
21. h3 Qe6 22. Bxf6 Bxf6 23. Raf1 g5 24. Nxd4 Qb6 25. Qg4+ Kb8 26. Rxf6
Qxd4+ 27. Kh2 Qc3 28. Rxf7 Qxc2 29. Rf8+ Ka7 30. Rxh8 Rxh8 31. Rf5 Qxa2 32.
Rxe5 Qxb3 33. Qg3 g4 34. Qe3+ Kb8 35. Qd4 gxh3 36. Rb5 hxg2+ 37. Qxh8+ Ka7
38. Rxb3 {Black resigns} 1-0

[Event "ICC tourney 3217 (30 10)"]
[Site "Internet Chess Club"]
[Date "2023.06.17"]
[Round "1"]
[White "HAO, RYAN:Ryan334"]
[Black "ZHANG, ARI:brass60Six"]
[Result "0-1"]
[ICCResult "White checkmated"]
[WhiteElo "1613"]
[BlackElo "1311"]
[Opening "Caro-Kann: exchange, Rubinstein variation"]
[ECO "B13"]
[NIC "CK.02"]
[Time "12:00:05"]
[PlyCount "164"]
[TimeControl "1800+10"]

1. e4 c6 2. d4 d5 3. exd5 cxd5 4. Bd3 Nc6 5. c3 Nf6 6. Bf4 Bg4 7. Qb3 Qc8 8.
Nd2 a6 9. Ngf3 Bh5 10. O-O e6 11. Rfe1 Be7 12. h3 O-O 13. Rac1 Bg6 14. Bxg6
hxg6 15. c4 Qd7 16. Ne5 Nxe5 17. Bxe5 dxc4 18. Nxc4 Nd5 19. Ne3 Rac8 20.
Nxd5 exd5 21. Qe3 Bd6 22. Bxd6 Rxc1 23. Rxc1 Qxd6 24. Rc3 f6 25. Qc1 Qb6 26.
Rc5 Rd8 27. Qc3 Rd7 28. b3 Kf7 29. Qe3 Re7 30. Qf3 Re4 31. Rxd5 Qe6 32. Rc5
Rxd4 33. Qxb7+ Rd7 34. Qf3 Qe1+ 35. Kh2 Qd2 36. a4 Qd6+ 37. Qg3 Qxc5 38. Qg4
Qc7+ 39. Kh1 Re7 40. Qb4 g5 41. Qd2 Qe5 42. Qd3 Qc7 43. g3 Qc6+ 44. Kh2 Rd7
45. Qe2 Rb7 46. Qh5+ Kg8 47. Qd1 Rb8 48. Qd3 Qb6 49. Qc4+ Kh8 50. Qe2 a5 51.
Qd2 Qxb3 52. Qxa5 Qb6 53. Qd2 Qa7 54. Qa2 Ra8 55. Qe2 Qxa4 56. Qh5+ Kg8 57.
Qf3 Rd8 58. Qf5 Qd7 59. Qe4 Qd2 60. Kg2 Qd5 61. Qxd5+ Rxd5 62. Kf3 Re5 63.
g4 Kf7 64. Kg3 Ke6 65. f4 gxf4+ 66. Kxf4 g5+ 67. Kg3 Re3+ 68. Kh2 Ra3 69.
Kg2 Ke5 70. Kh2 Kf4 71. Kg2 f5 72. gxf5 Kxf5 73. Kh2 Kf4 74. Kg2 Ra2+ 75.
Kf1 Ke3 76. h4 gxh4 77. Kg1 Kf3 78. Kh1 h3 79. Kg1 Rb2 80. Kh1 Kg3 81. Kg1
h2+ 82. Kh1 Rb1# {White checkmated} 0-1

[Event "ICC tourney 3217 (30 10)"]
[Site "Internet Chess Club"]
[Date "2023.06.17"]
[Round "1"]
[White "WU, DARREN:chessboy111"]
[Black "SULTAN, BASHIR Cisse:muzikmixer"]
[Result "0-1"]
[ICCResult "White resigns"]
[WhiteElo "1336"]
[BlackElo "1618"]
[Opening "French: Tarrasch, open variation, main line"]
[ECO "C09"]
[NIC "FR.22"]
[Time "12:00:33"]
[PlyCount "116"]
[TimeControl "1800+10"]

1. e4 e6 2. d4 d5 3. Nd2 c5 4. Ngf3 Nc6 5. exd5 exd5 6. dxc5 Bxc5 7. Bd3
Qe7+ 8. Qe2 Qxe2+ 9. Kxe2 Nf6 10. Nb3 Bb6 11. h3 O-O 12. Be3 Re8 13. Kd2
Bxe3+ 14. fxe3 Ne4+ 15. Bxe4 dxe4 16. Nfd4 Bd7 17. Ke2 Rac8 18. c3 Ne5 19.
Rad1 Nc4 20. Rb1 b6 21. Nd2 Ne5 22. Nxe4 Nc4 23. Kf3 f5 24. Ng3 Nd2+ 25. Ke2
Nxb1 26. Rxb1 f4 27. Nf1 fxe3 28. Nxe3 Rc5 29. Kf2 Bc6 30. Nxc6 Rxc6 31. Re1
Rce6 32. Nc2 Rf8+ 33. Kg1 Rxe1+ 34. Nxe1 Rd8 35. Nf3 Rd1+ 36. Kf2 Rb1 37. b3
Rb2+ 38. Kg3 Rxa2 39. Nd4 a5 40. Kf3 Rb2 41. g4 Kf7 42. h4 g6 43. Ke4 Rh2
44. Nf3 Rb2 45. Nd4 h6 46. g5 h5 47. Kf4 a4 48. bxa4 Ra2 49. Ke3 Rxa4 50.
Kd3 b5 51. Nxb5 Rxh4 52. c4 Ke7 53. Nd4 Rh3+ 54. Ke4 Rc3 55. Kd5 h4 56. c5
h3 57. Ne2 h2 58. Nxc3 h1=Q+ {White resigns} 0-1

[Event "ICC tourney 3217 (30 10)"]
[Site "Internet Chess Club"]
[Date "2023.06.17"]
[Round "1"]
[White "Udeshi, Rishabh:rishabhchess"]
[Black "Bharathy Mohan, Aarav Sai:aaravbm"]
[Result "1-0"]
[ICCResult "Black forfeits on time"]
[WhiteElo "1550"]
[BlackElo "1278"]
[Opening "QGD Slav: 3.Nf3"]
[ECO "D11"]
[NIC "SL.01"]
[Time "12:00:21"]
[PlyCount "69"]
[TimeControl "1800+10"]

1. d4 d5 2. c4 c6 3. Nf3 Bf5 4. Nc3 e6 5. Bf4 Nf6 6. e3 Nbd7 7. Bd3 Bxd3 8.
Qxd3 dxc4 9. Qxc4 Nb6 10. Qb3 Bd6 11. Bg5 Be7 12. O-O Nfd5 13. Nxd5 Qxd5 14.
Qxd5 Nxd5 15. e4 Nf6 16. Rfe1 h6 17. Bh4 O-O 18. a3 Rfe8 19. Rac1 Rad8 20.
Rc3 Kf8 21. Rb3 b6 22. Rc3 c5 23. dxc5 bxc5 24. e5 Nd7 25. h3 Bxh4 26. Nxh4
Rc8 27. f4 Rc7 28. Rd1 Nb6 29. Rcd3 Ke7 30. f5 Nc4 31. Rg3 Rg8 32. f6+ Ke8
33. Rxg7 Rh8 34. Ng6 fxg6 35. Rxc7 {Black forfeits on time} 1-0

[Event "ICC tourney 3217 (30 10)"]
[Site "Internet Chess Club"]
[Date "2023.06.17"]
[Round "1"]
[White "CHEN, LEON TINGQUAN:leonlunachen"]
[Black "Hamlett, James Morrison:Hamlett144"]
[Result "0-1"]
[ICCResult "White resigns"]
[WhiteElo "1635"]
[BlackElo "1413"]
[Opening "French: exchange variation"]
[ECO "C01"]
[NIC "FR.01"]
[Time "12:00:14"]
[PlyCount "108"]
[TimeControl "1800+10"]

1. e4 e6 2. d4 d5 3. exd5 exd5 4. Nf3 Bd6 5. Bd3 Nf6 6. O-O O-O 7. h3 c6 8.
c3 Be6 9. Qc2 Nbd7 10. Re1 Re8 11. Ng5 Nf8 12. Nf3 N8d7 13. Bg5 h6 14. Bh4
Qc7 15. Bxf6 Nxf6 16. Nbd2 Re7 17. Ne5 Nd7 18. f4 Rf8 19. f5 Nxe5 20. dxe5
Bxe5 21. fxe6 fxe6 22. Nf3 Bg3 23. Re2 e5 24. Bg6 e4 25. Nd4 Rf6 26. Bh5 g6
27. Bg4 h5 28. Be6+ Rexe6 29. Nxe6 Rxe6 30. Rf1 h4 31. Qd2 Qb6+ 32. Qd4
Qxd4+ 33. cxd4 e3 34. Rf3 Bf2+ 35. Kf1 Rd6 36. Rc2 Re6 37. Ke2 Kg7 38. Rc3
Re4 39. Rd3 g5 40. Rf5 Kg6 41. Rf8 Re7 42. Ra8 a6 43. Ra7 Kf6 44. Rb3 Re4
45. Rb4 c5 46. Rb6+ Kf5 47. Raxb7 Rxd4 48. Rf7+ Ke5 49. Re7+ Kf4 50. Rg6
Rd2+ 51. Kf1 Rxb2 52. Rf7+ Ke4 53. Rxg5 d4 54. Rxc5 Rb1+ {White resigns} 0-1

[Event "ICC tourney 3217 (30 10)"]
[Site "Internet Chess Club"]
[Date "2023.06.17"]
[Round "1"]
[White "PAREKH, VANSH:Popularmmose"]
[Black "HOSUR, SANMITA:phosur"]
[Result "1-0"]
[ICCResult "Black forfeits on time"]
[WhiteElo "1231"]
[BlackElo "1425"]
[Opening "Sicilian: Alapin's variation (2.c3)"]
[ECO "B22"]
[NIC "SI.47"]
[Time "12:00:06"]
[PlyCount "55"]
[TimeControl "1800+10"]

1. e4 c5 2. c3 Nf6 3. e5 Nd5 4. d4 cxd4 5. cxd4 Nc6 6. Nf3 d6 7. Bc4 Nb6 8.
Bb3 d5 9. h3 Bf5 10. O-O e6 11. Be3 Be7 12. Nc3 O-O 13. Rc1 Rc8 14. Bc2 Bxc2
15. Qxc2 Nc4 16. Qe2 a6 17. b3 Nxe3 18. Qxe3 Qa5 19. a4 Nb4 20. Nd2 Rc6 21.
f4 f5 22. Nf3 Rfc8 23. Ne2 b5 24. Nc3 bxa4 25. bxa4 Qc7 26. Ne2 Nc2 27. Qd3
Qa5 28. Qb3 {Black forfeits on time} 1-0

[Event "ICC tourney 3217 (30 10)"]
[Site "Internet Chess Club"]
[Date "2023.06.17"]
[Round "2"]
[White "SULTAN, BASHIR Cisse:muzikmixer"]
[Black "BAI, JEFFREY:Jeffchess"]
[Result "1-0"]
[ICCResult "Black checkmated"]
[WhiteElo "1618"]
[BlackElo "1306"]
[Opening "Old Indian defense"]
[ECO "A42"]
[NIC "OI.07"]
[Time "14:00:14"]
[PlyCount "59"]
[TimeControl "1800+10"]

1. c4 d6 2. d4 b6 3. Nc3 c6 4. e4 e5 5. dxe5 dxe5 6. Qxd8+ Kxd8 7. f4 Bd6 8.
fxe5 Bxe5 9. Nf3 Bxc3+ 10. bxc3 f6 11. Bf4 Ke7 12. Rd1 c5 13. Bd6+ Ke8 14.
Be2 Ne7 15. O-O Nbc6 16. e5 f5 17. Rfe1 h6 18. h4 Be6 19. h5 Kf7 20. Nh4 g5
21. hxg6+ Kg7 22. Bh5 Bxc4 23. Bxe7 Nxe7 24. Rd7 Rhe8 25. Nxf5+ Kf8 26. g7+
Kg8 27. Nxe7+ Kxg7 28. Nd5+ Kg8 29. Nf6+ Kh8 30. Rh7# {Black checkmated} 1-0

[Event "ICC tourney 3217 (30 10)"]
[Site "Internet Chess Club"]
[Date "2023.06.17"]
[Round "2"]
[White "Hamlett, James Morrison:Hamlett144"]
[Black "PAREKH, VANSH:Popularmmose"]
[Result "1-0"]
[ICCResult "Black resigns"]
[WhiteElo "1413"]
[BlackElo "1231"]
[Opening "Robatsch defense: three pawns attack"]
[ECO "B06"]
[NIC "KF.05"]
[Time "14:00:15"]
[PlyCount "42"]
[TimeControl "1800+10"]

1. e4 g6 2. d4 Bg7 3. f4 d6 4. Nf3 Nf6 5. Bd3 c5 6. c3 a6 7. O-O O-O 8. f5
cxd4 9. Nxd4 Nc6 10. Nf3 Bd7 11. Qc2 Ng4 12. Bf4 Nge5 13. Kh1 Rc8 14. Nxe5
Nxe5 15. Nd2 b5 16. Nf3 Nxd3 17. Qxd3 Qb6 18. Be3 Qb7 19. Nd4 e5 20. f6 Bxf6
21. Rxf6 Bc6 {Black resigns} 1-0

[Event "ICC tourney 3217 (30 10)"]
[Site "Internet Chess Club"]
[Date "2023.06.17"]
[Round "2"]
[White "WESLEY, GEORGE:Maglars"]
[Black "JAIN, ISHAAN:ishaanj"]
[Result "1/2-1/2"]
[ICCResult "Game drawn by mutual agreement"]
[WhiteElo "1026"]
[BlackElo "1223"]
[Opening "Queen's gambit declined"]
[ECO "D30"]
[NIC "EO.64"]
[Time "14:00:11"]
[PlyCount "37"]
[TimeControl "1800+10"]

1. c4 e6 2. d4 d5 3. c5 Nc6 4. Nf3 Bd7 5. Nc3 g6 6. Bg5 Be7 7. Bxe7 Ngxe7 8.
e4 dxe4 9. Nxe4 Nd5 10. Bc4 O-O 11. O-O Na5 12. Bd3 f6 13. Qd2 Nc6 14. Bc4
f5 15. Nc3 Nxc3 16. Qxc3 Qf6 17. Rfe1 Rae8 18. Rad1 Kg7 19. b4
{Game drawn by mutual agreement}
1/2-1/2

[Event "ICC tourney 3217 (30 10)"]
[Site "Internet Chess Club"]
[Date "2023.06.17"]
[Round "2"]
[White "Li, Marissa:meichen"]
[Black "CHEN, LEON TINGQUAN:leonlunachen"]
[Result "0-1"]
[ICCResult "White resigns"]
[WhiteElo "884"]
[BlackElo "1635"]
[Opening "French: exchange variation"]
[ECO "C01"]
[NIC "FR.01"]
[Time "14:00:13"]
[PlyCount "114"]
[TimeControl "1800+10"]

1. e4 e6 2. d4 d5 3. exd5 exd5 4. Nf3 Nf6 5. Nc3 Bd6 6. Be2 c6 7. O-O O-O 8.
Re1 Bg4 9. h3 Bh5 10. Be3 Nbd7 11. Nh4 Bg6 12. Nxg6 hxg6 13. Bf3 Re8 14. Qd2
Qc7 15. a3 b5 16. b4 Nb6 17. Be2 Ne4 18. Nxe4 Rxe4 19. c3 Rae8 20. Bd3 R4e6
21. Qd1 Bf4 22. Qd2 Bxe3 23. fxe3 Na4 24. Re2 Qg3 25. Rc1 Rxe3 26. Rce1 Rxe2
27. Rxe2 Rxe2 28. Qxe2 Kf8 29. Qd2 g5 30. Kh1 Qf4 31. Qe1 Nb2 32. Qb1 Qd2
33. Bf5 Qd1+ 34. Qxd1 Nxd1 35. Bd7 Nxc3 36. Bxc6 Ke7 37. Kg1 Kd6 38. Be8 f6
39. Kf2 a6 40. Ke3 Nb1 41. a4 Nc3 42. axb5 axb5 43. Kd3 Na2 44. Bxb5 Nxb4+
45. Kc3 Nc6 46. Kd3 Ne7 47. g4 Ng6 48. Ke3 Nf4 49. Bf1 Kc6 50. Kf3 Kb6 51.
Ke3 Ka5 52. Kd2 Kb4 53. Ke3 Kc3 54. Bb5 Nxh3 55. Bc6 Nf4 56. Bb7 Kc4 57. Ba8
Ne6 {White resigns} 0-1

[Event "ICC tourney 3217 (30 10)"]
[Site "Internet Chess Club"]
[Date "2023.06.17"]
[Round "2"]
[White "STINSON, RUSSELL:rcstinson"]
[Black "WU, DARREN:chessboy111"]
[Result "1-0"]
[ICCResult "Black resigns"]
[WhiteElo "1567"]
[BlackElo "1336"]
[Opening "Nimzovich-Larsen attack: modern variation"]
[ECO "A01"]
[NIC "VO.08"]
[Time "14:00:15"]
[PlyCount "91"]
[TimeControl "1800+10"]

1. b3 e5 2. Bb2 Nc6 3. e3 d5 4. Bb5 Bd6 5. f4 f6 6. Qh5+ g6 7. Qe2 Qe7 8.
fxe5 fxe5 9. Nf3 Nf6 10. O-O O-O 11. Bxc6 bxc6 12. d3 Bg4 13. h3 Bxf3 14.
Rxf3 Nd7 15. Nd2 Rxf3 16. Nxf3 Rf8 17. Rf1 e4 18. Nh2 Rxf1+ 19. Qxf1 Bxh2+
20. Kxh2 Qf7 21. Qxf7+ Kxf7 22. dxe4 dxe4 23. Kg3 g5 24. h4 Kg6 25. Kg4 h5+
26. Kg3 Kf5 27. hxg5 Kxg5 28. a4 a6 29. Bc3 c5 30. Bb2 c6 31. Bc3 Kf5 32.
Kh4 Kg6 33. g4 hxg4 34. Kxg4 Nf6+ 35. Bxf6 Kxf6 36. Kf4 a5 37. Kxe4 Ke6 38.
c3 Kd6 39. Kf5 Ke7 40. Ke5 Kd7 41. Kf6 Kd6 42. e4 Kd7 43. e5 Ke8 44. Ke6 Kd8
45. Kf7 Kc7 46. e6 {Black resigns} 1-0

[Event "ICC tourney 3217 (30 10)"]
[Site "Internet Chess Club"]
[Date "2023.06.17"]
[Round "2"]
[White "ZHANG, ARI:brass60Six"]
[Black "Udeshi, Rishabh:rishabhchess"]
[Result "1/2-1/2"]
[ICCResult "Game drawn by repetition"]
[WhiteElo "1311"]
[BlackElo "1550"]
[Opening "Nimzo-Indian: Leningrad variation"]
[ECO "E30"]
[NIC "NI.25"]
[Time "14:00:14"]
[PlyCount "125"]
[TimeControl "1800+10"]

1. d4 Nf6 2. c4 e6 3. Nc3 Bb4 4. Bg5 d5 5. e3 c6 6. Qc2 Nbd7 7. Nf3 Qa5 8.
Bxf6 Nxf6 9. a3 Ne4 10. Rc1 Bxc3+ 11. bxc3 Qxa3 12. Bd3 Nf6 13. O-O Qd6 14.
Ra1 O-O 15. Ne5 Bd7 16. c5 Qc7 17. Rfb1 b6 18. Nxd7 Qxd7 19. cxb6 axb6 20.
Rxa8 Rxa8 21. Rxb6 Ra1+ 22. Rb1 Qa7 23. h3 g6 24. Qb2 Rxb1+ 25. Qxb1 Kg7 26.
Qb4 Qa1+ 27. Kh2 Qe1 28. Qb2 g5 29. Qc2 h5 30. c4 g4 31. c5 h4 32. g3 Nh5
33. hxg4 hxg3+ 34. Kg2 Nf6 35. Qe2 gxf2 36. Qxf2 Qxf2+ 37. Kxf2 Nxg4+ 38.
Kf3 Nf6 39. Ba6 Nd7 40. Bb7 Nb8 41. Kf4 Kf6 42. e4 Ke7 43. e5 f6 44. exf6+
Kxf6 45. Ba8 Ke7 46. Bb7 Kd7 47. Ke5 Kc7 48. Ba8 Na6 49. Kxe6 Nb4 50. Ke5
Kb8 51. Bxc6 Nxc6+ 52. Kxd5 Kc7 53. Kc4 Nxd4 54. Kxd4 Kc6 55. Kc4 Kc7 56.
Kb5 Kb7 57. c6+ Kc7 58. Kc5 Kc8 59. Kb6 Kb8 60. Kb5 Kc7 61. Kc5 Kc8 62. Kd5
Kc7 63. Kc5 {Game drawn by repetition} 1/2-1/2

[Event "ICC tourney 3217 (30 10)"]
[Site "Internet Chess Club"]
[Date "2023.06.17"]
[Round "2"]
[White "HOSUR, SANMITA:phosur"]
[Black "HAO, RYAN:Ryan334"]
[Result "1/2-1/2"]
[ICCResult "Game drawn by repetition"]
[WhiteElo "1425"]
[BlackElo "1613"]
[Opening "QGD: Tartakower (Makagonov-Bondarevsky) system"]
[ECO "D58"]
[NIC "QO.10"]
[Time "14:00:15"]
[PlyCount "83"]
[TimeControl "1800+10"]

1. d4 d5 2. c4 e6 3. Nc3 Be7 4. Nf3 Nf6 5. Bg5 h6 6. Bh4 O-O 7. e3 b6 8.
cxd5 exd5 9. Bd3 Bb7 10. O-O Nbd7 11. Rc1 c5 12. Re1 Ne4 13. Bxe7 Qxe7 14.
Nd2 Nxc3 15. bxc3 Nf6 16. f3 Qd7 17. Nf1 Rfe8 18. Ng3 Qd8 19. e4 dxe4 20.
fxe4 cxd4 21. e5 Qd5 22. Rc2 Rxe5 23. Rxe5 Qxe5 24. cxd4 Qxd4+ 25. Kh1 Qd5
26. Nf5 Qd7 27. Rd2 Qd8 28. Nxh6+ Kf8 29. Ng4 Nxg4 30. Qxg4 Rc8 31. Rd1 Qf6
32. Rf1 Qd6 33. Qh5 Qd5 34. Qh8+ Ke7 35. Qh4+ f6 36. Re1+ Kf7 37. Be4 Qd7
38. Qh5+ Kf8 39. Qh8+ Kf7 40. Qh5+ Kg8 41. Qh7+ Kf7 42. Qh5+
{Game drawn by repetition}
1/2-1/2

[Event "ICC tourney 3217 (30 10)"]
[Site "Internet Chess Club"]
[Date "2023.06.17"]
[Round "3"]
[White "HOSUR, SANMITA:phosur"]
[Black "WESLEY, GEORGE:Maglars"]
[Result "1/2-1/2"]
[ICCResult "Game drawn by mutual agreement"]
[WhiteElo "1425"]
[BlackElo "1026"]
[Opening "Queen's gambit accepted"]
[ECO "D20"]
[NIC "QG.03"]
[Time "16:00:18"]
[PlyCount "34"]
[TimeControl "1800+10"]

1. d4 d5 2. c4 dxc4 3. e3 e5 4. Bxc4 exd4 5. exd4 Bb4+ 6. Nc3 Nf6 7. Bxf7+
Kxf7 8. Qb3+ Nd5 9. Kf1 Bxc3 10. bxc3 c6 11. Nf3 Ke8 12. Bg5 Qb6 13. Re1+
Kf8 14. Qa3+ c5 15. dxc5 Qa6+ 16. Qxa6 Nxa6 17. c4 Ndc7
{Game drawn by mutual agreement}
1/2-1/2

[Event "ICC tourney 3217 (30 10)"]
[Site "Internet Chess Club"]
[Date "2023.06.17"]
[Round "3"]
[White "BAI, JEFFREY:Jeffchess"]
[Black "PAREKH, VANSH:Popularmmose"]
[Result "1-0"]
[ICCResult "Black resigns"]
[WhiteElo "1306"]
[BlackElo "1231"]
[Opening "Robatsch (modern) defense"]
[ECO "B06"]
[NIC "KF.05"]
[Time "16:00:18"]
[PlyCount "85"]
[TimeControl "1800+10"]

1. e4 g6 2. d4 Bg7 3. f3 d6 4. g4 e5 5. d5 Qh4+ 6. Ke2 Nf6 7. Qe1 Qxe1+ 8.
Kxe1 c6 9. c4 cxd5 10. cxd5 Nbd7 11. Nc3 Nc5 12. b4 Ncd7 13. Nb5 O-O 14.
Nxd6 Nb6 15. a4 Rd8 16. Nc4 Ne8 17. Be3 Nxc4 18. Bxc4 Nd6 19. Rc1 Bd7 20.
Ne2 Bxa4 21. Kf2 Rac8 22. Bd3 b6 23. Rxc8 Rxc8 24. Rc1 Rxc1 25. Bxc1 Bf8 26.
Bd2 Nb5 27. Ke3 Bh6+ 28. f4 Bg7 29. Nc3 exf4+ 30. Kxf4 Bh6+ 31. g5 Nxc3 32.
gxh6 Nb5 33. Bxb5 Bxb5 34. Bc3 Kf8 35. Ke5 Ke7 36. d6+ Kd7 37. Kf6 Kxd6 38.
Be5+ Kd7 39. Kxf7 a5 40. bxa5 bxa5 41. Kg7 a4 42. Kxh7 a3 43. Kxg6
{Black resigns}
1-0

[Event "ICC tourney 3217 (30 10)"]
[Site "Internet Chess Club"]
[Date "2023.06.17"]
[Round "3"]
[White "Hamlett, James Morrison:Hamlett144"]
[Black "SULTAN, BASHIR Cisse:muzikmixer"]
[Result "0-1"]
[ICCResult "White resigns"]
[WhiteElo "1413"]
[BlackElo "1618"]
[Opening "French: exchange variation"]
[ECO "C01"]
[NIC "FR.01"]
[Time "16:00:11"]
[PlyCount "52"]
[TimeControl "1800+10"]

1. e4 e6 2. d4 d5 3. exd5 exd5 4. Bd3 c5 5. Qe2+ Qe7 6. dxc5 Qxe2+ 7. Nxe2
Bxc5 8. Nbc3 Ne7 9. Bf4 a6 10. O-O Nbc6 11. a3 O-O 12. Kh1 b5 13. b4 Ba7 14.
Bd6 Rd8 15. Bg3 Nf5 16. Bf4 f6 17. Bc7 Rd7 18. Bxf5 Rxc7 19. Nxd5 Rf7 20.
Bxc8 Rxc8 21. f4 Nd4 22. Nxd4 Bxd4 23. Rad1 Ba7 24. Rfe1 Kf8 25. Re2 Rd7 26.
Ne3 Re7 {White resigns} 0-1

[Event "ICC tourney 3217 (30 10)"]
[Site "Internet Chess Club"]
[Date "2023.06.17"]
[Round "3"]
[White "JAIN, ISHAAN:ishaanj"]
[Black "Udeshi, Rishabh:rishabhchess"]
[Result "0-1"]
[ICCResult "White checkmated"]
[WhiteElo "1223"]
[BlackElo "1550"]
[Opening "Caro-Kann: Panov-Botvinnik, normal variation"]
[ECO "B13"]
[NIC "CK.03"]
[Time "16:00:10"]
[PlyCount "104"]
[TimeControl "1800+10"]

1. e4 c6 2. d4 d5 3. exd5 cxd5 4. c4 Nf6 5. Nc3 Nc6 6. Bg5 e6 7. Bxf6 Qxf6
8. cxd5 Nxd4 9. Nge2 Bc5 10. Ne4 Bb4+ 11. N2c3 Qe5 12. Bd3 exd5 13. O-O dxe4
14. Bxe4 O-O 15. Re1 Qd6 16. a3 Bxc3 17. bxc3 Nf5 18. Bxf5 Qxd1 19. Bxh7+
Kxh7 20. Rexd1 Be6 21. Rab1 b6 22. Rd4 Rac8 23. Rc1 Rc4 24. Rd3 Rfc8 25. Kf1
b5 26. Ke2 a5 27. Kd2 b4 28. axb4 axb4 29. Rd4 bxc3+ 30. Kd3 Bf5+ 31. Ke3
Re8+ 32. Kf4 Rxd4+ 33. Kxf5 g6+ 34. Kf6 Re2 35. Rxc3 Rxf2+ 36. Rf3 Rxf3+ 37.
gxf3 Rf4+ 38. Ke7 Kg7 39. h4 Rxh4 40. f4 Rxf4 41. Ke8 g5 42. Ke7 g4 43. Kd6
g3 44. Ke5 Rf6 45. Ke4 g2 46. Kd5 g1=Q 47. Ke5 Re6+ 48. Kd5 Qd1+ 49. Kc5 Re2
50. Kc4 Rc2+ 51. Kb3 Qb1+ 52. Ka3 Ra2# {White checkmated} 0-1

[Event "ICC tourney 3217 (30 10)"]
[Site "Internet Chess Club"]
[Date "2023.06.17"]
[Round "3"]
[White "WU, DARREN:chessboy111"]
[Black "Li, Marissa:meichen"]
[Result "1-0"]
[ICCResult "Black checkmated"]
[WhiteElo "1336"]
[BlackElo "884"]
[Opening "Ruy Lopez: Berlin defense"]
[ECO "C65"]
[NIC "RL.07"]
[Time "16:00:11"]
[PlyCount "109"]
[TimeControl "1800+10"]

1. e4 e5 2. Nf3 Nc6 3. Bb5 Nf6 4. d3 d6 5. c3 a6 6. Ba4 Be7 7. O-O O-O 8.
Nbd2 b5 9. Bc2 Bb7 10. Re1 Re8 11. Nf1 Bf8 12. d4 Nb8 13. Ng3 g6 14. Bg5 Bg7
15. dxe5 dxe5 16. Qxd8 Rxd8 17. Nxe5 Re8 18. Nf3 Nbd7 19. Rad1 Bc6 20. Nd4
Bb7 21. f4 c5 22. Nf3 h6 23. Bxf6 Nxf6 24. e5 Nd5 25. Be4 Rad8 26. Rd2 f5
27. exf6 Bxf6 28. Red1 Ne3 29. Rxd8 Bxd8 30. Rd3 Bxe4 31. Rxe3 Bc6 32. Rxe8+
Bxe8 33. Kf2 Bc7 34. Ke3 c4 35. Ne5 Kg7 36. Ke4 Kf6 37. Ne2 g5 38. g3 gxf4
39. gxf4 Bh5 40. Nd4 Be8 41. Ndc6 Ke6 42. f5+ Kd6 43. Nd4 Ke7 44. h3 Kf6 45.
Ng4+ Kg5 46. Ne6+ Kh5 47. Nf6+ Kh4 48. Nxe8 Bg3 49. f6 h5 50. f7 a5 51. f8=Q
b4 52. Qf6+ Kxh3 53. Ng5+ Kg4 54. Qf5+ Kh4 55. Nf3# {Black checkmated} 1-0

[Event "ICC tourney 3217 (30 10)"]
[Site "Internet Chess Club"]
[Date "2023.06.17"]
[Round "3"]
[White "Bharathy Mohan, Aarav Sai:aaravbm"]
[Black "STINSON, RUSSELL:rcstinson"]
[Result "1-0"]
[ICCResult "Black resigns"]
[WhiteElo "1278"]
[BlackElo "1567"]
[Opening "Sicilian: closed"]
[ECO "B23"]
[NIC "SI.44"]
[Time "16:00:10"]
[PlyCount "109"]
[TimeControl "1800+10"]

1. e4 c5 2. Nc3 e6 3. f4 d5 4. Bb5+ Bd7 5. Bxd7+ Qxd7 6. d3 dxe4 7. Nxe4 Be7
8. Nf3 Nf6 9. Nxf6+ Bxf6 10. O-O O-O 11. Rb1 Nc6 12. Be3 Bd4 13. Qe2 Bxe3+
14. Qxe3 Nd4 15. Nxd4 cxd4 16. Qd2 Rac8 17. a3 Rc5 18. Rfe1 Rfc8 19. Re2 a5
20. Qd1 a4 21. Rf2 h6 22. Rc1 R8c6 23. Re2 Qc7 24. Rf2 Rb6 25. Rb1 Rcb5 26.
Qc1 Qc3 27. bxc3 Rxb1 28. Rf1 Rxc1 29. Rxc1 dxc3 30. Kf2 Rb2 31. Ke3 Ra2 32.
Kd4 Rxa3 33. Rb1 Kh7 34. Rxb7 Rb3 35. Rxb3 axb3 36. Kxc3 bxc2 37. Kxc2 Kg6
38. Kd2 Kf5 39. Ke3 Kg4 40. Ke4 f6 41. d4 h5 42. h3+ Kg3 43. f5 exf5+ 44.
Kxf5 g6+ 45. Kxg6 Kf4 46. Kxf6 Ke4 47. Kg5 Kxd4 48. Kxh5 Ke5 49. Kg5 Ke6 50.
Kg6 Ke5 51. h4 Kf4 52. h5 Kg3 53. h6 Kxg2 54. h7 Kg3 55. h8=Q {Black
resigns} 1-0

[Event "ICC tourney 3217 (30 10)"]
[Site "Internet Chess Club"]
[Date "2023.06.17"]
[Round "3"]
[White "CHEN, LEON TINGQUAN:leonlunachen"]
[Black "ZHANG, ARI:brass60Six"]
[Result "0-1"]
[ICCResult "White resigns"]
[WhiteElo "1635"]
[BlackElo "1311"]
[Opening "Caro-Kann: Panov-Botvinnik attack, 5...e6"]
[ECO "B14"]
[NIC "CK.02"]
[Time "16:00:18"]
[PlyCount "150"]
[TimeControl "1800+10"]

1. e4 c6 2. d4 d5 3. exd5 cxd5 4. c4 e6 5. Nc3 Nf6 6. Nf3 Nc6 7. c5 a6 8. a3
Be7 9. Bd3 Qc7 10. O-O O-O 11. Re1 b6 12. b4 bxc5 13. bxc5 Rd8 14. h3 h6 15.
Na4 Bb7 16. Nb6 Rab8 17. Bd2 Nd7 18. Rb1 Nxb6 19. Rxb6 Bc8 20. Qb3 Ra8 21.
Bc3 a5 22. a4 Bd7 23. Bb5 Rdb8 24. Bxc6 Rxb6 25. cxb6 Qxc6 26. Ne5 Qxa4 27.
Qxa4 Bxa4 28. Rb1 Bd8 29. Ra1 Be8 30. Rxa5 Rb8 31. Ra6 Bxb6 32. Nf3 Bb5 33.
Ra2 Bc4 34. Rb2 Bc7 35. Rxb8+ Bxb8 36. g3 f6 37. Kg2 Kf7 38. Nd2 Ke7 39. f4
Bd3 40. Kf3 Bh7 41. Ke3 g5 42. fxg5 hxg5 43. Nf1 Be4 44. Kf2 Bd6 45. Nd2 Bf5
46. g4 Bc2 47. Nf3 Kd7 48. Ke3 Be4 49. Ba5 Bxf3 50. Kxf3 Bf8 51. Ke3 Bg7 52.
Bc3 e5 53. Kd3 e4+ 54. Ke3 Ke6 55. Bb4 f5 56. gxf5+ Kxf5 57. Be7 Bh6 58. Bb4
g4+ 59. Kf2 gxh3 60. Kg3 Be3 61. Bc5 h2 62. Kxh2 Kg4 63. Kg2 Kf4 64. Kf1 Kf3
65. Ke1 Bf4 66. Kd1 e3 67. Bb4 Ke4 68. Bc3 Kd3 69. Ba5 Kxd4 70. Bb6+ Ke4 71.
Ba5 d4 72. Be1 d3 73. Bh4 e2+ 74. Ke1 Kd4 75. Bd8 Bg3+ {White resigns} 0-1

[Event "ICC tourney 3217 (30 10)"]
[Site "Internet Chess Club"]
[Date "2023.06.17"]
[Round "4"]
[White "Bharathy Mohan, Aarav Sai:aaravbm"]
[Black "BAI, JEFFREY:Jeffchess"]
[Result "1-0"]
[ICCResult "Black checkmated"]
[WhiteElo "1278"]
[BlackElo "1306"]
[Opening "French: exchange variation"]
[ECO "C01"]
[NIC "FR.01"]
[Time "18:00:58"]
[PlyCount "59"]
[TimeControl "1800+10"]

1. e4 e6 2. d4 d5 3. exd5 exd5 4. Nf3 Bg4 5. Be2 c5 6. Nc3 c4 7. O-O Bb4 8.
Bd2 Ne7 9. Re1 O-O 10. a3 Bxc3 11. Bxc3 Bxf3 12. Bxf3 Nbc6 13. Qd2 a5 14.
Re2 b5 15. Rae1 Qd6 16. Bxa5 Rxa5 17. Rxe7 Rxa3 18. Rxf7 Rxf3 19. Rxf3 Rxf3
20. gxf3 h6 21. Qe3 Qf6 22. c3 b4 23. Kf1 Nd8 24. Qe7 bxc3 25. bxc3 Qb6 26.
Qd7 Kh7 27. Qxd5 Nc6 28. Qf5+ g6 29. Qf7+ Kh8 30. Re8# {Black checkmated}
1-0